 Dungeon Crawl Stone Soup version 0.23.2-33-g5129a83184 (webtiles) character file.

Game seed: 14051628098492579246

733 Gwenloh the Ruffian (level 7, -1/55 (56) HPs)
             Began as a Ghoul Gladiator on July 13, 2019.
             Slain by a gnoll (6 damage)
             ... on level 5 of the Dungeon.
             The game lasted 00:15:25 (3106 turns).

Gwenloh the Ruffian (Ghoul Gladiator)               Turns: 3106, Time: 00:15:26

HP:   -1/55 (56)    AC:  6    Str: 18    XL:     7   Next: 74%
MP:   6/6           EV: 13    Int:  5    God:
Gold: 261           SH:  0    Dex: 10    Spells: 6/6 levels left

rFire    . . .     SeeInvis .     - Unarmed
rCold    + + .     Gourm    .   (no shield)
rNeg     + + +     Faith    .   e - +2 leather armour {rF+}
rPois    ∞         Spirit   .   b - +0 helmet
rElec    .         Reflect  .   (no cloak)
rCorr    .         Harm     .   (no gloves)
MR       .....                  (no boots)
Stlth    ++........             (no amulet)
HPRegen  0.00/turn              s - ring of wizardry
MPRegen  0.10/turn              l - ring of ice (curse)

@: rotting
A: rotting body, claws 1, carnivore, cold resistance 1, negative energy
resistance 3, inhibited regeneration, torment resistance, unbreathing
a: no special abilities


You were on level 5 of the Dungeon.
You were not hungry.

You visited 2 branches of the dungeon, and saw 6 of its levels.

You collected 261 gold pieces.

Inventory:

Missiles
 c - 3 throwing nets (quivered)
 n - 125 stones
 q - 38 poisoned needles
 v - 15 tomahawks
Armour
 a - a +0 leather armour
 b - a +0 helmet (worn)
 e - a +2 leather armour of fire resistance (worn)
 g - a +0 ring mail
Jewellery
 l - a cursed ring of ice (right claw)
 s - a ring of wizardry (left claw)
Wands
 w - a wand of random effects (13)
Scrolls
 f - a scroll of remove curse
 h - a scroll of teleportation
 t - a scroll of blinking
 x - a scroll of enchant weapon
 y - a scroll of fear
Potions
 i - a potion of flight {unknown}
 j - a potion of brilliance {unknown}
 k - 3 potions of magic {unknown}
 m - a potion of ambrosia {unknown}
 o - a potion of heal wounds {unknown}
 p - 2 potions of agility {unknown}
 r - 2 potions of cancellation {unknown}
 u - 2 potions of curing {unknown}
Comestibles
 d - 8 rations


   Skills:
 - Level 2.3 Fighting
 - Level 1.7 Throwing
 + Level 3.4 Armour
 + Level 4.5 Dodging
 + Level 4.7 Stealth
 + Level 5.6 Unarmed Combat


You had 6 spell levels left.
You didn't know any spells.
Your spell library was empty.

Dungeon Overview and Level Annotations

Branches:
Dungeon (5/15)             Temple (1/1) D:4

Altars:
Ashenzari
Cheibriados
Elyvilon
Hepliaklqana
Makhleb
Okawaru
Ru
Sif Muna
Trog
Uskayaw
Xom
Yredelemnul
Zin
The Shining One
Lugonu

Shops:
D:4 [([:


Innate Abilities, Weirdness & Mutations

Your body is rotting away.
You thrive on raw meat.
You are immune to poison.
You have sharp fingernails.
You are carnivorous and can eat meat at any time.
Your flesh is cold resistant. (rC+)
You are immune to negative energy. (rN+++)
You do not regenerate when monsters are visible.
You are immune to unholy pain and torment.
You can survive without breathing.


Message History

The gnoll hits you but does no damage.
You struggle against the net.
The adder barely misses you. The gnoll barely misses you.
The adder barely misses you.
You struggle against the net.
The adder bites you.
You rip the net and break free!
The gnoll hits you. The adder completely misses you. The gnoll hits you.
The gnoll hits you with a +0 flail.
You barely miss the adder.
The adder is almost dead.
The adder bites you but does no damage. The gnoll barely misses you.
The gnoll hits you.
You closely miss the adder.
The adder is almost dead.
The adder bites you. The gnoll hits you. The gnoll hits you with a +0 flail!
* * * LOW HITPOINT WARNING * * *
The adder bites you.
* * * LOW HITPOINT WARNING * * *
The gnoll barely misses you. The gnoll hits you.
You die...

.......# ##......##
.........######
.............#
#...........#
#.)...#....>#
#...SZ#.....#
#.###..gg.#.....#####
#......g.@..##......#
#.###...(.#.##......#
#######.........#
####......# #.<....#
#......# ########


You could see 3 gnolls, an adder and an adder zombie.

Vanquished Creatures
  An ice beast (D:4)
  A necrophage (D:5)
  A phantom (D:4)
  A bullfrog (D:3)
  A howler monkey (D:4)
  A crimson imp (D:4)
  A centaur zombie (D:5)
  2 centaur skeletons
  4 worker ants
  A howler monkey zombie (D:2)
  7 adders
  A gnoll (D:5)
  A shadow imp (D:5)
  2 worms (D:2)
  3 leopard geckos
  An orc (D:3)
  9 bats
  6 giant cockroaches
  6 hobgoblins
  8 jackals
  A quokka (D:4)
  A ball python (D:4)
  A frilled lizard (D:4)
  5 goblins
  5 kobolds
  A leopard gecko skeleton (D:4)
  4 rats
76 creatures vanquished.

Notes
Turn   | Place    | Note
-------+----------+-------------------------------------------
     0 | D:1      | Gwenloh the Ghoul Gladiator began the quest for the Orb.
     0 | D:1      | Reached XP level 1. HP: 17/17 MP: 0/0
   191 | D:1      | Reached XP level 2. HP: 25/25 MP: 1/1
   201 | D:1      | Reached skill level 1 in Stealth
   737 | D:1      | Reached skill level 1 in Armour
   737 | D:1      | Reached XP level 3. HP: 28/30 MP: 2/2
   762 | D:1      | Reached XP level 4. HP: 37/37 MP: 3/3
   877 | D:2      | Reached skill level 4 in Unarmed Combat
  1073 | D:2      | Found a hide-covered altar of Uskayaw.
  1236 | D:2      | Found a bloodstained altar of Trog.
  1266 | D:3      | Noticed a bullfrog
  1277 | D:3      | Killed a bullfrog
  1277 | D:3      | Reached XP level 5. HP: 24/42 MP: 4/4
  1817 | D:3      | Reached XP level 6. HP: 48/49 MP: 5/5
  2138 | D:4      | Found a basalt altar of Yredelemnul.
  2173 | D:4      | Found Mobixt's Weapon Emporium.
  2173 | D:4      | Found Luag's Armour Shop.
  2246 | D:4      | Noticed a phantom
  2288 | D:4      | Killed a phantom
  2448 | D:4      | Found a staircase to the Ecumenical Temple.
  2463 | D:4      | Reached skill level 5 in Unarmed Combat
  2471 | D:4      | Reached XP level 7. HP: 47/55 MP: 6/6
  2500 | Temple   | Entered the Ecumenical Temple
  2732 | D:4      | Found Weoro's Book Boutique.
  2756 | D:4      | Found Fyete's Antique Armour Emporium.
  2908 | D:5      | Entered Level 5 of the Dungeon
  2917 | D:5      | Found an iron altar of Okawaru.
  2948 | D:5      | Found a shimmering altar of Xom.
  3106 | D:5      | Slain by a gnoll

Skill      XL: |  1  2  3  4  5  6  7 |
---------------+----------------------+-----
Stealth        | 1 2 3 4 |  4.7
Armour         | 1 2 3 |  3.4
Dodging        | 3 4 |  4.5
Unarmed Combat | 4 5 |  5.6
Fighting       | |  2.3
Throwing       | |  1.7

Action                   |  1- 3 |  4- 6 |  7- 9 || total
-------------------------+-------+-------+-------++-------
Melee: Unarmed           |    68 |   141 |    54 ||   263
       Punch             |     2 |     4 |     1 ||     7
  Use: Scroll            |       |     7 |     2 ||     9
 Stab: Sleeping          |       |     4 |     1 ||     5
  Eat: Chunk             |     5 |    11 |     1 ||    17
Armor: Leather armour    |    26 |    43 |    15 ||    84
Dodge: Dodged            |    61 |    80 |    30 ||   171
